[Event "Titled Tuesday Blitz October 19 2021"]
[White "Ghimpu, Samuel-Timotei"]
[Black "Piesik, Piotr"]
[WhiteFideId "1238175"]
[BlackFideId "1136194"]
[WhiteElo "2012"]
[BlackElo "2336"]
[Result "1-0"]
[Round "08"]
[TimeControl "180+1"]
[Date "2021.10.19"]
[WhiteClock "0:00:17"]
[BlackClock "0:00:46"]

1. b3 e5 2. Bb2 d6 3. e4 Nf6 4. Qe2 g6 5. Nc3 Bg7 6. O-O-O a5 7. Nf3 Nc6 8. Kb1 h6 9. Nd5 Nxd5 10. exd5 Nb4 11. d4 O-O 12. a3 Nxd5 13. dxe5 Nf4 14. Qe3 Ne6 15. exd6 Bxb2 16. Kxb2 Qf6+ 17. Kb1 cxd6 18. Qxh6 a4 19. b4 Rd8 20. h4 Nf4 21. h5 Bf5 22. Nd4 Rac8 23. Nxf5 Qxf5 24. Bd3 Nxd3 25. Rxd3 Rxc2 26. hxg6 fxg6 27. Qh8+ Kf7 28. Rh7+ Ke6 29. Qd4 Rxf2 30. Qe3+ Kf6 31. Qd4+ Ke6 32. Qe3+ Kf6 33. Qe7# 1-0


[Site "https://www.chess.com"]

[Event "Titled Tuesday Blitz October 19 2021"]
[White "Havanecz, Bianka"]
[Black "Siva Mahadevan"]
[WhiteFideId "704814"]
[BlackFideId "25043153"]
[WhiteElo "2432"]
[BlackElo "2203"]
[Result "0-1"]
[Round "08"]
[TimeControl "180+1"]
[Date "2021.10.19"]
[WhiteClock "0:00:09"]
[BlackClock "0:02:14"]

1. d4 Nf6 2. c4 g6 3. Nc3 Bg7 4. e4 O-O 5. Bd3 d6 6. Nge2 Nc6 7. O-O Nh5 8. Bc2 e5 9. d5 Ne7 10. Ng3 Nf4 11. Nce2 Nxe2+ 12. Qxe2 f5 13. exf5 gxf5 14. Bg5 Qe8 15. Qh5 Ng6 16. Bh6 Qf7 17. Bxg7 Kxg7 18. f4 Nxf4 19. Qg5+ Kh8 20. Rae1 Rg8 21. Qh6 Bd7 22. Rxf4 exf4 23. Qxf4 Rg4 24. Qf3 Rf8 25. b3 Rg5 26. Ne2 f4 27. Nd4 Bg4 28. Qc3 Qg7 29. Kh1 f3 30. Qe3 fxg2+ 31. Kg1 Re5 0-1


[Site "https://www.chess.com"]

[Event "Titled Tuesday Blitz October 19 2021"]
[White "Indjic, Aleksandar"]
[Black "Harshavardhan G B"]
[WhiteFideId "911925"]
[BlackFideId "25059009"]
[WhiteElo "2643"]
[BlackElo "1825"]
[Result "1-0"]
[Round "08"]
[TimeControl "180+1"]
[Date "2021.10.19"]
[WhiteClock "0:01:02"]
[BlackClock "0:00:07"]

1. d4 d5 2. Nf3 Nf6 3. Bf4 c5 4. e3 Nc6 5. Nbd2 g6 6. dxc5 Bg7 7. Bb5 O-O 8. c3 Nd7 9. Nb3 a6 10. Be2 Nf6 11. O-O Ne4 12. Nfd2 Bf5 13. Nxe4 Bxe4 14. Bd3 f5 15. Bxe4 fxe4 16. Bg3 e5 17. Nd2 Qe7 18. b4 Rad8 19. Qc2 h5 20. h3 Qe6 21. a3 g5 22. c4 h4 23. Bh2 g4 24. cxd5 Rxd5 25. hxg4 Rfd8 26. Nxe4 Qxg4 27. f3 Qg6 28. Rad1 h3 29. g4 Bh6 30. Kf2 Kg7 31. Rxd5 Rxd5 32. Rd1 Qf7 33. g5 Rxd1 34. Qxd1 Qa2+ 35. Qe2 Qxa3 36. gxh6+ Kxh6 37. Kg3 Qxb4 38. Kxh3 Qb3 39. Kg2 a5 40. f4 Qd5 41. Qf3 a4 42. f5 a3 43. Qg4 Kh7 44. Kh3 Qf7 45. Ng5+ Kg7 46. Nxf7+ Kxf7 47. Qc4+ Kf6 48. Qa2 Kg5 49. Qxa3 Kxf5 50. Qb3 Ke4 51. Qxb7 Kxe3 52. Qxc6 Kd4 53. Qd6+ Kc4 54. Bxe5 Kb5 55. c6 Ka6 56. c7+ Kb7 57. Qd5+ Kb6 58. Qd6+ Kb7 59. c8=Q+ Ka7 60. Qda6# 1-0


[Site "https://www.chess.com"]

[Event "Titled Tuesday Blitz October 19 2021"]
[White "Kovalev, Vladislav"]
[Black "Savchenko, Boris"]
[WhiteFideId "13504398"]
[BlackFideId "4147332"]
[WhiteElo "2573"]
[BlackElo "2526"]
[Result "0-1"]
[Round "08"]
[TimeControl "180+1"]
[Date "2021.10.19"]
[WhiteClock "0:00:05"]
[BlackClock "0:01:05"]

1. e4 c5 2. Be2 g6 3. d3 Bg7 4. f4 d6 5. Nf3 Nf6 6. O-O O-O 7. Kh1 b5 8. a3 Bb7 9. Qe1 a5 10. Qh4 Nc6 11. Nc3 e6 12. f5 b4 13. Nd1 exf5 14. exf5 Ne7 15. Ne3 h6 16. Bd2 Qd7 17. Qh3 g5 18. Rae1 Ned5 19. Nxd5 Bxd5 20. Qg3 Rae8 21. Nxg5 hxg5 22. Bxg5 Qd8 23. Bf3 Rxe1 24. Rxe1 Bxf3 25. gxf3 Nh5 26. Qg4 Nf6 27. Qh4 Re8 28. Rxe8+ Qxe8 29. Bxf6 Qe2 30. Kg1 Qd1+ 31. Kg2 Qxc2+ 32. Kg3 Qc1 33. Bxg7 Qe1+ 34. Kg4 Qxh4+ 35. Kxh4 Kxg7 36. axb4 cxb4 37. Kg5 a4 38. f6+ Kg8 0-1


[Site "https://www.chess.com"]

[Event "Titled Tuesday Blitz October 19 2021"]
[White "Langrock, Hannes"]
[Black "Moroni, Luca Jr"]
[WhiteFideId "4655290"]
[BlackFideId "865834"]
[WhiteElo "2325"]
[BlackElo "2491"]
[Result "0-1"]
[Round "08"]
[TimeControl "180+1"]
[Date "2021.10.19"]
[WhiteClock "0:00:01"]
[BlackClock "0:01:21"]

1. d4 g6 2. c4 Bg7 3. Nf3 d6 4. g3 Bd7 5. Bg2 Qc8 6. h3 Nc6 7. Nc3 Nf6 8. b3 O-O 9. Bb2 e5 10. dxe5 Nxe5 11. Qd2 a5 12. Nd5 Nxd5 13. cxd5 Re8 14. Nxe5 Bxe5 15. Rc1 a4 16. b4 a3 17. Bxe5 Rxe5 18. Qc3 c6 19. dxc6 bxc6 20. Bxc6 Bxc6 21. Qxc6 Qxc6 22. Rxc6 Rb8 23. Rc3 Rxb4 24. O-O Rxe2 25. Rxa3 Rd2 26. Rf3 Rxa2 27. Rd1 Rb6 28. Rfd3 Rbb2 29. Rf3 Rd2 30. Rc1 Ra7 31. Rc8+ Kg7 32. Rd8 h5 33. h4 Rb7 34. Kg2 d5 35. Rf4 Re7 36. Kf3 Ree2 37. Kg2 Re6 38. Kf3 Rd3+ 39. Kg2 Rf6 40. Rxf6 Kxf6 41. Re8 Ra3 42. Kf1 Ra6 43. Rd8 Ke6 44. Ke2 Rd6 45. Re8+ Kf5 46. Kd3 Kg4 47. Re3 Rf6 48. f4 Re6 49. Re5 Rxe5 0-1


[Site "https://www.chess.com"]

[Event "Titled Tuesday Blitz October 19 2021"]
[White "Leitao, Rafael"]
[Black "Obolenskikh, Dmitry"]
[WhiteFideId "2101246"]
[BlackFideId "4156013"]
[WhiteElo "2609"]
[BlackElo "2541"]
[Result "0-1"]
[Round "08"]
[TimeControl "180+1"]
[Date "2021.10.19"]
[WhiteClock "0:00:04"]
[BlackClock "0:00:19"]

1. c4 e6 2. g3 d5 3. Bg2 c6 4. b3 Nf6 5. Bb2 Be7 6. Nf3 O-O 7. O-O b6 8. d4 Bb7 9. Nc3 Na6 10. Ne5 c5 11. cxd5 Nxd5 12. Nxd5 Bxd5 13. Nc6 Bxc6 14. Bxc6 Rb8 15. Qd2 Qd6 16. Bf3 Rfd8 17. Rfd1 Bf6 18. e3 cxd4 19. exd4 Nc7 20. Rac1 Nd5 21. Rc4 b5 22. Rc5 a6 23. Bxd5 exd5 24. Rdc1 Qd7 25. Qc2 h5 26. Rc7 Qh3 27. Qd3 Re8 28. Qf3 Re4 29. Qg2 Qf5 30. Rd1 Rbe8 31. Rcc1 h4 32. Bc3 h3 33. Qf1 Re2 34. Re1 Qf3 35. Rxe2 Rxe2 36. Re1 Rxe1 37. Bxe1 Qe4 38. Bc3 Qc2 39. Ba1 Qxa2 40. Qe1 g6 41. Qd1 Kg7 42. Bc3 Qa3 43. Qc2 a5 44. Kf1 a4 45. bxa4 bxa4 46. Qd2 Qb3 47. Bb4 a3 0-1


[Site "https://www.chess.com"]

[Event "Titled Tuesday Blitz October 19 2021"]
[White "Lugovskoy, Maxim"]
[Black "Bluebaum, Matthias"]
[WhiteFideId "24126454"]
[BlackFideId "24651516"]
[WhiteElo "2466"]
[BlackElo "2681"]
[Result "0-1"]
[Round "08"]
[TimeControl "180+1"]
[Date "2021.10.19"]
[WhiteClock "0:00:01"]
[BlackClock "0:01:27"]

1. e4 e6 2. d4 d5 3. Nc3 Nf6 4. Bg5 h6 5. Bxf6 Qxf6 6. e5 Qd8 7. f4 c5 8. Nf3 Nc6 9. Bb5 cxd4 10. Qxd4 Bd7 11. Bxc6 bxc6 12. O-O Qb6 13. Kh1 Qxd4 14. Nxd4 Rb8 15. b3 Ba3 16. Rad1 g6 17. Nce2 O-O 18. g4 c5 19. Nf3 Bc6 20. Ng3 Bb2 21. h4 a5 22. Kh2 a4 23. f5 axb3 24. axb3 Ra8 25. Rde1 Bc3 26. Re3 d4 27. Rd3 Bb5 28. Ne4 Ra2 29. Nf6+ Kh8 30. Rxc3 dxc3 31. Rc1 exf5 32. gxf5 Bd3 33. Kg3 Bxf5 34. h5 Rxc2 35. Rd1 Rb2 36. hxg6 c2 37. Rh1 Bxg6 38. Rxh6+ Kg7 39. Rh1 Rb1 40. Ng5 Rxh1 0-1


[Site "https://www.chess.com"]

[Event "Titled Tuesday Blitz October 19 2021"]
[White "Maksimovic, Bojan"]
[Black "Hambleton, Aman"]
[WhiteFideId "14408120"]
[BlackFideId "2606577"]
[WhiteElo "2439"]
[BlackElo "2552"]
[Result "1-0"]
[Round "08"]
[TimeControl "180+1"]
[Date "2021.10.19"]
[WhiteClock "0:00:36"]
[BlackClock "0:00:02"]

1. d4 Nf6 2. Nf3 e6 3. c4 b6 4. Nc3 Bb4 5. Bd2 Bb7 6. a3 Bxc3 7. Bxc3 Ne4 8. Qc2 O-O 9. Nd2 Nxc3 10. Qxc3 f5 11. e3 d6 12. Bd3 Bxg2 13. Rg1 Bb7 14. O-O-O Nd7 15. f4 Qf6 16. Rg5 Rf7 17. Rdg1 c5 18. d5 Qxc3+ 19. bxc3 exd5 20. Bxf5 Nf8 21. cxd5 h6 22. Rh5 Bxd5 23. Bg6 Nxg6 24. Rxd5 Ne7 25. Rxd6 Nf5 26. Rd3 Re8 27. e4 Ne7 28. f5 Nc6 29. Rd6 Ne5 30. Rxh6 Rd7 31. Rh3 Kf8 32. Rh8+ Kf7 33. Rxg7+ Kxg7 34. Rxe8 Nd3+ 35. Kd1 Nb2+ 36. Kc2 Na4 37. e5 b5 38. e6 Rd6 39. Re7+ Kf6 40. Rf7+ Ke5 41. e7 Kd5 42. e8=Q 1-0


[Site "https://www.chess.com"]

[Event "Titled Tuesday Blitz October 19 2021"]
[White "Maly, Alexey"]
[Black "Gurvich, Vitaly"]
[WhiteFideId "14103184"]
[BlackFideId "24164852"]
[WhiteElo "2294"]
[BlackElo "2275"]
[Result "1/2-1/2"]
[Round "08"]
[TimeControl "180+1"]
[Date "2021.10.19"]
[WhiteClock "0:00:14"]
[BlackClock "0:00:09"]

1. d4 Nf6 2. c4 g6 3. Nc3 d5 4. cxd5 Nxd5 5. e4 Nxc3 6. bxc3 Bg7 7. Nf3 c5 8. Be3 Qa5 9. Qd2 O-O 10. Rc1 Rd8 11. d5 e6 12. Bg5 f6 13. Be3 exd5 14. exd5 Bg4 15. Be2 Bxf3 16. Bxf3 Nd7 17. O-O Ne5 18. Be2 c4 19. Rfd1 Rac8 20. Qb2 b6 21. f4 Nf7 22. Qb4 Qxb4 23. cxb4 Nd6 24. a4 Re8 25. Kf2 f5 26. Bf3 Re7 27. Bd4 Bxd4+ 28. Rxd4 Kg7 29. Rd2 Kf6 30. Re2 Rxe2+ 31. Kxe2 Re8+ 32. Kd2 g5 33. fxg5+ Kxg5 34. b5 Re5 35. Kc3 Re3+ 36. Kd4 Kf4 37. Rc3 Rxc3 38. Kxc3 Ke3 39. Bh5 f4 40. Bf3 h6 41. Bh5 Ke4 42. Bf3+ Ke5 43. h3 Kf5 44. Kd4 c3 45. Kxc3 Ke5 46. Kd3 Nb7 47. Bd1 Nc5+ 48. Kc4 Nb7 49. Kd3 Nc5+ 50. Ke2 Kxd5 51. Kf3 Ke5 52. Kg4 Nd3 53. Bf3 Kf6 54. Be4 Nc5 55. Kxf4 Nxa4 56. g4 Nc5 57. Bc2 a6 58. bxa6 Nxa6 59. h4 Nc5 60. g5+ hxg5+ 61. hxg5+ Kg7 62. Ke5 b5 63. Kd5 Nd7 64. Ke6 Nf8+ 65. Kd5 b4 66. Kc4 Ne6 67. g6 Nf4 68. Kxb4 Nxg6 1/2-1/2


[Site "https://www.chess.com"]

[Event "Titled Tuesday Blitz October 19 2021"]
[White "Materia, Marco"]
[Black "Salinas Herrera, Pablo"]
[WhiteFideId "45150451"]
[BlackFideId "3407128"]
[WhiteElo "2590"]
[BlackElo "2541"]
[Result "1-0"]
[Round "08"]
[TimeControl "180+1"]
[Date "2021.10.19"]
[WhiteClock "0:00:19"]
[BlackClock "0:00:02"]

1. d4 d5 2. c4 c6 3. Nf3 Nf6 4. Nc3 e6 5. e3 Nbd7 6. Bd3 dxc4 7. Bxc4 b5 8. Bd3 a6 9. e4 c5 10. e5 cxd4 11. Ne2 Ng4 12. Be4 Rb8 13. Bf4 Qa5+ 14. Kf1 Qb6 15. Nexd4 Bc5 16. h3 Bxd4 17. Nxd4 Ngxe5 18. Nf3 f6 19. Nxe5 Nxe5 20. Bxe5 fxe5 21. Qh5+ Kf8 22. Qxe5 b4 23. Rd1 Kf7 24. Qf4+ Ke7 25. Rc1 Bd7 26. Qg5+ Kf7 27. h4 Qb5+ 28. Qxb5 Bxb5+ 29. Ke1 Rhc8 30. Kd2 g6 31. Ke3 Kf6 32. h5 g5 33. Bxh7 Rxc1 34. Rxc1 Rh8 35. Bg6 Rd8 36. Rc7 a5 37. Rf7+ Ke5 38. h6 Rh8 39. h7 Be8 40. Rg7 Bxg6 41. Rxg6 Kf5 42. Rh6 e5 43. g4+ Kxg4 44. Ke4 a4 45. Rh1 a3 46. b3 1-0


[Site "https://www.chess.com"]

[Event "Titled Tuesday Blitz October 19 2021"]
[White "Matsenko, Andrei"]
[Black "Ovetchkin, Roman"]
[WhiteFideId "24146501"]
[BlackFideId "4119991"]
[WhiteElo "2179"]
[BlackElo "2432"]
[Result "1-0"]
[Round "08"]
[TimeControl "180+1"]
[Date "2021.10.19"]
[WhiteClock "0:02:54"]
[BlackClock "0:01:29"]

1. Nf3 Nf6 2. b3 g6 3. Bb2 Bg7 4. g3 O-O 5. Bg2 c5 6. c4 Nc6 7. O-O d6 8. d4 cxd4 9. Nxd4 Bd7 10. Nc3 Nxd4 11. Qxd4 Bc6 12. Nd5 Bxd5 13. Bxd5 Nh5 14. Qd2 Bxb2 15. Qxb2 Rb8 16. Rad1 Qc7 17. Rd3 b5 18. cxb5 Rxb5 19. Rc1 Rc5 20. Rdc3 Rxc3 21. Rxc3 Qa5 22. Bf3 Nf6 23. b4 Rb8 24. Rc8+ 1-0


[Site "https://www.chess.com"]

[Event "Titled Tuesday Blitz October 19 2021"]
[White "Mikhalevski, Victor"]
[Black "Le, Tuan Minh"]
[WhiteFideId "2801914"]
[BlackFideId "12401153"]
[WhiteElo "2577"]
[BlackElo "2450"]
[Result "0-1"]
[Round "08"]
[TimeControl "180+1"]
[Date "2021.10.19"]
[WhiteClock "0:00:14"]
[BlackClock "0:00:16"]

1. Nf3 d5 2. g3 Nd7 3. d4 Nb6 4. Bg2 Bf5 5. O-O e6 6. a4 a5 7. b3 Nf6 8. Nbd2 h6 9. c4 c6 10. Bb2 Be7 11. Ne5 O-O 12. e3 Nbd7 13. Nxd7 Qxd7 14. Qe2 Rfd8 15. Rac1 Bb4 16. Nf3 Qe7 17. Rfd1 Rac8 18. Ne5 Nd7 19. Nd3 Bd6 20. f3 Ba3 21. e4 dxe4 22. fxe4 Bxb2 23. Qxb2 Bg6 24. Nf4 Bh7 25. e5 Qb4 26. c5 b5 27. cxb6 Nxb6 28. Qc3 c5 29. d5 Qxc3 30. Rxc3 g5 31. Nh5 exd5 32. Nf6+ Kg7 33. Nxd5 c4 34. bxc4 Nxa4 35. Rcc1 Nb2 36. Rd4 Nd3 37. Ra1 Nxe5 38. Rxa5 Nxc4 39. Ra7 Ne5 40. Rd1 Rc2 41. Ra5 Nc6 42. Rb5 Ne7 43. Bh1 Bg6 44. Re1 Nf5 45. Rb4 Rd2 46. Nc3 Nd4 47. Ne4 Bxe4 48. Bxe4 Re8 49. Rbb1 Rxe4 50. Rxe4 Nf3+ 51. Kf1 Nxh2+ 52. Ke1 Nf3+ 53. Kf1 Ra2 54. Re3 Nd2+ 55. Kg1 Nxb1 56. Rd3 Ra3 57. Rd1 Rxg3+ 58. Kf2 Rb3 59. Rc1 Rb2+ 60. Ke3 Na3 61. Rc5 Rb4 62. Kf3 Rf4+ 63. Kg3 Nc4 64. Rd5 Ne3 65. Rd3 Nf5+ 66. Kg2 g4 67. Rd2 h5 68. Re2 h4 69. Kh2 Rf2+ 70. Rxf2 g3+ 71. Kg1 gxf2+ 72. Kxf2 Kg6 73. Kf3 Kg5 74. Kg2 Kg4 75. Kf2 h3 76. Kg1 Nh4 77. Kf1 f5 78. Ke2 f4 79. Kd3 h2 0-1


[Site "https://www.chess.com"]

[Event "Titled Tuesday Blitz October 19 2021"]
[White "Nagy, Gabor"]
[Black "Gelman, Alexander"]
[WhiteFideId "737119"]
[BlackFideId "4118316"]
[WhiteElo "2534"]
[BlackElo "2375"]
[Result "1-0"]
[Round "08"]
[TimeControl "180+1"]
[Date "2021.10.19"]
[WhiteClock "0:01:29"]
[BlackClock "0:00:29"]

1. c4 Nf6 2. Nc3 c5 3. g3 d6 4. Bg2 e6 5. d4 Be7 6. dxc5 dxc5 7. Qxd8+ Bxd8 8. Be3 Na6 9. Nh3 Ba5 10. O-O Bxc3 11. bxc3 Ke7 12. Rab1 Rd8 13. Rxb7+ Bxb7 14. Bxb7 Nc7 15. Bxc5+ Ke8 16. Bc6+ Nd7 17. Bd4 Rac8 18. Bxg7 Ke7 19. Nf4 Ne8 20. Bxd7 Rxd7 21. Bd4 Rxc4 22. Nd3 Rd5 23. Rb1 Ra5 24. Rb2 Nd6 25. f3 f6 26. f4 Nb5 27. Bc5+ Kd7 28. Bb4 Ra6 29. Nc5+ Rxc5 30. Bxc5 Nxc3 31. a3 Ne4 32. Bb4 Rc6 33. Kg2 Rc1 34. Kf3 f5 35. Bf8 Kc6 36. Rb8 Rc3+ 37. Kg2 Rc2 38. Rc8+ 1-0


[Site "https://www.chess.com"]

[Event "Titled Tuesday Blitz October 19 2021"]
[White "Nguyen, Ngoc Truong Son"]
[Black "Csonka, Balazs"]
[WhiteFideId "12401110"]
[BlackFideId "742910"]
[WhiteElo "2596"]
[BlackElo "2404"]
[Result "1-0"]
[Round "08"]
[TimeControl "180+1"]
[Date "2021.10.19"]
[WhiteClock "0:00:09"]
[BlackClock "0:00:01"]

1. d4 e6 2. Nf3 Nf6 3. Bf4 c5 4. e3 d5 5. Nc3 a6 6. dxc5 Bxc5 7. Bd3 Nc6 8. O-O O-O 9. e4 dxe4 10. Nxe4 Be7 11. Qe2 Nd5 12. Bd2 Ndb4 13. Bxb4 Nxb4 14. Bc4 b5 15. Bb3 Bb7 16. Rad1 Qc7 17. Neg5 Bf6 18. c3 Nd5 19. Nxe6 Nxc3 20. bxc3 Bxf3 21. Qxf3 fxe6 22. Bxe6+ Kh8 23. Rd3 Rae8 24. Qh3 Rd8 25. Bf5 h6 26. Rfd1 Rxd3 27. Rxd3 Rd8 28. Qh5 Kg8 29. g3 Kf8 30. Rxd8+ Qxd8 31. Qf3 Qc7 32. Qa8+ Ke7 33. Qxa6 Qc5 34. Qe6+ Kf8 35. Bg6 1-0


[Site "https://www.chess.com"]

[Event "Titled Tuesday Blitz October 19 2021"]
[White "Nigmatov, Ortik"]
[Black "Ibarra Jerez, Jose Carlos"]
[WhiteFideId "14202131"]
[BlackFideId "2226332"]
[WhiteElo "2346"]
[BlackElo "2626"]
[Result "0-1"]
[Round "08"]
[TimeControl "180+1"]
[Date "2021.10.19"]
[WhiteClock "0:00:21"]
[BlackClock "0:00:53"]

1. e4 c5 2. Nf3 e6 3. d4 cxd4 4. Nxd4 Bc5 5. Nb3 Bb6 6. Qg4 Nf6 7. Qf3 Nc6 8. Nc3 O-O 9. Bf4 d5 10. O-O-O d4 11. e5 Nd7 12. Ne4 Ndxe5 13. Qg3 Ng6 14. Bg5 f6 15. Bd2 e5 16. Bc4+ Kh8 17. h4 Bf5 18. h5 Nf4 19. Bxf4 Bxe4 20. Bd2 Rc8 21. f4 Nb4 22. h6 g6 23. Bxb4 Rxc4 24. c3 Rxb4 25. cxb4 Qc7+ 26. Kd2 Qc2+ 27. Ke1 exf4 28. Qxf4 Qxg2 29. Rf1 Bc2 30. Qe5 Qxf1+ 31. Kxf1 fxe5+ 32. Ke1 Bxd1 33. Kxd1 e4 34. Nxd4 Bxd4 0-1


[Site "https://www.chess.com"]

[Event "Titled Tuesday Blitz October 19 2021"]
[White "Ozen, Bahadir"]
[Black "Timofeev, Artyom"]
[WhiteFideId "6337058"]
[BlackFideId "4140419"]
[WhiteElo "2503"]
[BlackElo "2591"]
[Result "1-0"]
[Round "08"]
[TimeControl "180+1"]
[Date "2021.10.19"]
[WhiteClock "0:00:52"]
[BlackClock "0:00:22"]

1. Nf3 Nf6 2. e3 g6 3. Be2 Bg7 4. O-O O-O 5. d4 b6 6. b3 Bb7 7. Bb2 a5 8. a3 a4 9. b4 d5 10. Nbd2 Nbd7 11. c4 dxc4 12. Bxc4 c6 13. Rc1 b5 14. Ba2 Nb6 15. e4 e6 16. Qe2 Qe7 17. Rfd1 Rfd8 18. h3 Rac8 19. Ba1 Ne8 20. e5 Nc7 21. Ne4 Ncd5 22. Nc5 Ba8 23. Re1 Nd7 24. Ne4 N7b6 25. g3 Nd7 26. h4 h6 27. Kg2 Rb8 28. Bb1 c5 29. dxc5 Rbc8 30. Nd6 Rb8 31. Be4 Bc6 32. Kg1 Ba8 33. Bb2 Nc7 34. Bxa8 Rxa8 35. Nxb5 Nxb5 36. Qxb5 Nb8 37. Rcd1 Rc8 38. Rd6 Ra7 39. Red1 Rac7 40. Qxa4 Nc6 41. Qc2 Rb8 42. Qe4 Qe8 43. Kg2 Ne7 44. Nd4 Nd5 45. h5 gxh5 46. Rh1 Bf8 47. Rxh5 Nxb4 48. Qg4+ Kh7 49. axb4 Rxb4 50. Qe4+ Kg8 51. Bc1 f5 52. Qf3 Bxd6 53. exd6 Rxc5 54. Ba3 Rxd4 55. Bxc5 Rd5 56. Ba3 Kh7 57. Bc1 Rxd6 58. Rxh6+ Kg7 59. Rh1 Qc6 60. Bb2+ Kg6 61. Qxc6 Rxc6 62. Rc1 Rb6 63. Bd4 Rb4 64. Be5 Re4 65. Rc5 Kg5 66. f3 Re2+ 67. Kf1 Ra2 68. Rc6 Ra3 69. Kg2 Ra2+ 70. Kh3 Ra3 71. Rxe6 Rxf3 72. Bf4+ 1-0


[Site "https://www.chess.com"]

[Event "Titled Tuesday Blitz October 19 2021"]
[White "Papp, Levente"]
[Black "Lazavik, Denis"]
[WhiteFideId "751243"]
[BlackFideId "13515110"]
[WhiteElo "2308"]
[BlackElo "2436"]
[Result "0-1"]
[Round "08"]
[TimeControl "180+1"]
[Date "2021.10.19"]
[WhiteClock "0:00:05"]
[BlackClock "0:00:05"]

1. c4 e6 2. Nf3 d5 3. g3 Nf6 4. Bg2 dxc4 5. Na3 Bxa3 6. bxa3 O-O 7. O-O Nbd7 8. Qc2 c5 9. Bb2 Qe7 10. Qxc4 b6 11. Nd4 Ne5 12. Qc2 Ba6 13. Nb3 Ng6 14. Bxa8 Rxa8 15. d3 e5 16. Nd2 Qe6 17. Ne4 h5 18. Nxf6+ Qxf6 19. Qa4 Bb7 20. Qd7 Bc6 21. Qh3 h4 22. Rac1 Nf4 23. Qg4 Qf5 24. f3 Nxe2+ 25. Kf2 Qxg4 26. fxg4 Nxc1 27. Rxc1 hxg3+ 28. hxg3 f6 29. Ke3 Rd8 30. Rc3 Kf7 31. a4 Bxa4 32. Ra3 b5 33. Rc3 Rd5 34. Ke4 Ke6 35. Ke3 b4 36. Rc1 Bb5 37. Rd1 a5 38. a4 Bxa4 39. Ra1 Bb5 40. Rxa5 Rxd3+ 41. Ke4 Rb3 42. Rxb5 Rxb2 43. Rb6+ Kf7 44. g5 Re2+ 45. Kf5 Rf2+ 46. Kg4 Kg6 47. Rc6 b3 48. gxf6 gxf6 49. Rxc5 b2 50. Rb5 e4 51. Rb3 e3 0-1


[Site "https://www.chess.com"]

[Event "Titled Tuesday Blitz October 19 2021"]
[White "Perez Gormaz, Matias"]
[Black "Svane, Rasmus"]
[WhiteFideId "3406342"]
[BlackFideId "4657101"]
[WhiteElo "2352"]
[BlackElo "2643"]
[Result "0-1"]
[Round "08"]
[TimeControl "180+1"]
[Date "2021.10.19"]
[WhiteClock "0:00:01"]
[BlackClock "0:00:38"]

1. e4 c6 2. d4 d5 3. e5 Bf5 4. h4 h5 5. Bd3 Bxd3 6. Qxd3 Qa5+ 7. Bd2 Qa6 8. e6 Qxd3 9. exf7+ Kxf7 10. cxd3 Nd7 11. Nh3 e5 12. Ng5+ Kg6 13. Be3 Nh6 14. Nd2 Bb4 15. O-O-O Bxd2+ 16. Rxd2 Nf5 17. dxe5 Nxe5 18. Bf4 Rae8 19. b3 Rhf8 20. d4 Ng4 21. g3 Re7 22. f3 Nf6 23. Be5 Nd7 24. g4 Nh6 25. Bd6 Ree8 26. Bxf8 Rxf8 27. Rg1 hxg4 28. fxg4 Rf4 29. Ne6 Re4 30. h5+ Kf6 31. Nd8 Nxg4 32. Nxb7 Kg5 33. Nd8 Nb8 34. Rc2 Rxd4 35. Nxc6 Nxc6 36. Rxc6 Kxh5 37. Rc7 g5 38. Rxa7 Ne3 39. Ra4 Rd3 40. Ra8 g4 41. Rg8 Kh4 42. Rh8+ Kg5 43. Rg8+ Kf4 44. Kb2 d4 45. a4 Rd2+ 46. Kc1 Rc2+ 47. Kb1 d3 48. Rf8+ Ke4 49. Re8+ Kf3 50. Rxe3+ Kxe3 51. Rxg4 Rf2 52. Rg1 Ke2 0-1


[Site "https://www.chess.com"]

[Event "Titled Tuesday Blitz October 19 2021"]
[White "Praggnanandhaa R"]
[Black "Jobava, Baadur"]
[WhiteFideId "25059530"]
[BlackFideId "13601520"]
[WhiteElo "2599"]
[BlackElo "2731"]
[Result "0-1"]
[Round "08"]
[TimeControl "180+1"]
[Date "2021.10.19"]
[WhiteClock "0:00:03"]
[BlackClock "0:01:00"]

1. Nf3 d5 2. e3 c6 3. c4 Nf6 4. d4 Bf5 5. Nc3 e6 6. Nh4 g6 7. Qb3 Qe7 8. g3 Qb4 9. Nxf5 gxf5 10. f3 Nbd7 11. Bd2 Qxb3 12. axb3 a6 13. c5 h5 14. b4 Rc8 15. Kf2 h4 16. Be2 Bh6 17. gxh4 Ke7 18. Rag1 Nf8 19. f4 Rh7 20. Kf1 N8d7 21. Be1 Rch8 22. Bf3 Bg7 23. Rg5 Ne8 24. Ne2 Bf6 25. Kg2 Nf8 26. h5 Ng7 27. Bh4 Ke8 28. Ng3 Bxg5 29. Bxg5 Nd7 30. h6 Rxh6 31. Bxh6 Rxh6 32. Ra1 Ke7 33. Rh1 Ne8 34. h4 Ndf6 35. h5 Ng7 36. Rh2 Nge8 37. Rh1 Rh8 38. Kh3 Ng8 39. Kh4 Nef6 40. Ne2 Nh6 41. Ng3 Rg8 42. Rg1 Nhg4 43. Re1 Nh2 44. Bd1 Nhg4 45. Bf3 Kf8 46. Re2 Kg7 47. b3 Kh6 48. Re1 Nh2 49. Bd1 Ne4 50. Rg1 Nf2 51. Be2 Rg4+ 52. Bxg4 fxg4 53. Ne2 Nf3+ 54. Kg3 Nxg1 55. Nxg1 Nd1 56. Kxg4 Nxe3+ 57. Kh3 Kxh5 58. Nf3 Nc2 59. Ne5 f5 60. Nd7 Nxd4 61. Kg3 Nc2 62. Nf8 Nxb4 63. Nxe6 Nd3 64. Kf3 a5 65. Ke3 Nc1 66. Nd4 Kg4 67. Kd2 Na2 68. Ne6 Nb4 69. Nd8 Kxf4 70. Nxb7 Kg3 71. Nxa5 f4 72. Kc3 f3 73. Kxb4 f2 74. Nxc6 f1=Q 75. Nd4 Qd3 76. Nb5 Qd2+ 0-1


[Site "https://www.chess.com"]

[Event "Titled Tuesday Blitz October 19 2021"]
[White "Sanal, Vahap"]
[Black "Demchenko, Anton"]
[WhiteFideId "6300545"]
[BlackFideId "4160258"]
[WhiteElo "2492"]
[BlackElo "2583"]
[Result "1-0"]
[Round "08"]
[TimeControl "180+1"]
[Date "2021.10.19"]
[WhiteClock "0:01:26"]
[BlackClock "0:00:01"]

1. e4 e5 2. Nc3 Nf6 3. Bc4 Nc6 4. d3 Bb4 5. Ne2 d5 6. exd5 Nxd5 7. O-O Be6 8. Bxd5 Bxd5 9. f4 f6 10. a3 Ba5 11. Kh1 Bf7 12. fxe5 Nxe5 13. d4 Ng6 14. b4 Bb6 15. Na4 O-O 16. Nc5 Bc4 17. Rf2 Re8 18. Bb2 Bxc5 19. bxc5 Qd7 20. Ng3 Bd5 21. Qh5 Ne7 22. Raf1 b5 23. Bc1 Bc4 24. Rd1 Rad8 25. h3 Qd5 26. Qg4 Qd7 27. Qh5 a6 28. c3 a5 29. Bd2 a4 30. Re1 Bf7 31. Qf3 c6 32. Ne4 Bd5 33. Qg3 Bxe4 34. Rxe4 Nf5 35. Rxe8+ Rxe8 36. Qg4 g6 37. Qf4 Qd5 38. Kh2 Re6 39. Qb8+ Kg7 40. Qc7+ Re7 41. Qf4 h5 42. g4 hxg4 43. hxg4 Re4 44. Qf3 Ne7 45. Qxf6+ Kh7 46. Qh4+ Kg8 47. Bh6 g5 48. Rf8+ Kh7 49. Bxg5+ 1-0


[Site "https://www.chess.com"]

[Event "Titled Tuesday Blitz October 19 2021"]
[White "Sawlin, Leonid"]
[Black "Bologan, Victor"]
[WhiteFideId "4689542"]
[BlackFideId "13900048"]
[WhiteElo "2412"]
[BlackElo "2511"]
[Result "1-0"]
[Round "08"]
[TimeControl "180+1"]
[Date "2021.10.19"]
[WhiteClock "0:01:42"]
[BlackClock "0:00:08"]

1. e4 d6 2. d4 Nf6 3. Nc3 e5 4. Nf3 Nbd7 5. Bc4 Be7 6. O-O O-O 7. Re1 c6 8. a4 a5 9. b3 exd4 10. Nxd4 Nb6 11. Bd3 d5 12. e5 Ne8 13. Nf5 Bxf5 14. Bxf5 g6 15. Bd3 Ng7 16. Bb2 f6 17. Ne2 fxe5 18. Bxe5 Bf6 19. Nd4 Bxe5 20. Rxe5 Qf6 21. Nf3 Ne6 22. Qd2 Nf4 23. Rae1 Nxg2 24. Kxg2 Qxf3+ 25. Kg1 Nd7 26. Re7 Rf7 27. Qg5 Qxf2+ 28. Kh1 Qf3+ 29. Kg1 Nf8 30. Rxf7 Qxf7 31. Re7 Ne6 32. Qh4 g5 33. Bxh7+ Kh8 34. Qh6 Qxe7 35. Bf5+ Kg8 36. Bxe6+ 1-0


[Site "https://www.chess.com"]